 Dungeon Crawl Stone Soup version 0.29-a0-330-g52719c12eb (webtiles) character file.

Game seed: 12560023064005984809

3108 Anon1729 the Magician (level 10, -24/60 HPs)
             Began as a Djinni Venom Mage on Apr 17, 2022.
             Was a Follower of Fedhas.
             Annihilated by a komodo dragon (29 damage)
             ... on level 8 of the Dungeon.
             The game lasted 00:15:10 (9101 turns).

Anon1729 the Magician (Djinni Venom Mage)           Turns: 9101, Time: 00:15:11

Health: -24/60     AC:  5    Str:  7    XL:     10   Next: 13%
Gold:   161        EV: 15    Int: 22    God:    Fedhas [*.....] SH:  5 Dex: 15

rFire   + + .      SeeInvis .   E - +12 spear of the Hurling Oracle {protect, rCorr}
rCold   . . .      Faith    .   (no shield)
rNeg    . . .      Spirit   .   a - +0 robe
rPois   ∞          Reflect  +   (no helmet)
rElec   .          Harm     .   m - +2 cloak
rCorr   +          Rampage  .   (no gloves)
Will    +....      Rage     1%  (boots unavailable)
Stlth   +++.......              I - amulet of reflection
HPRegen 0.20/turn               e - ring of protection from fire
MPRegen 0.00/turn               i - ring of ice

@: flying
A: sickness immunity, fire resistance 2, cold vulnerability 1, float, innate
caster, HP casting, extra vitality 1, berserk 1, clever 1, wild magic 1
a: Renounce Religion


You were on level 8 of the Dungeon.
You worshipped Fedhas.
Fedhas was aware of your devotion.
You visited 2 branches of the dungeon, and saw 9 of its levels.
You also visited: Sewer.

You collected 307 gold pieces.
You spent 146 gold pieces at shops.

Inventory:

Hand Weapons
 q - a +2 quarterstaff of chaos
 y - a +0 dagger of draining
 z - a +1 dagger of pain
 E - the +12 spear of the Hurling Oracle (weapon) {protect, rCorr}
   (You found it on level 5 of the Dungeon)

   It grants its wielder temporary protection when it strikes (+7 to AC).
   rCorr:     It protects you from acid and corrosion.
Missiles
 D - 5 curare-tipped darts
Armour
 a - a +0 robe (worn)
 m - a +2 cloak (worn)
Jewellery
 e - a ring of protection from fire (left hand)
 i - a ring of ice (right hand)
 p - a ring of ice
 r - an amulet of faith
 s - a ring of wizardry
 A - a ring of see invisible
 I - an amulet of reflection (around neck)
Wands
 v - a wand of iceblast (2)
 C - a wand of polymorph (20)
Scrolls
 c - 2 scrolls of vulnerability {unknown}
 d - a scroll of magic mapping {unknown}
 g - 2 scrolls of amnesia {unknown}
 l - 2 scrolls of noise
 n - 4 scrolls of teleportation
 t - 3 scrolls of enchant weapon
 x - a scroll of torment {unknown}
 B - a scroll of enchant armour {unknown}
 F - 3 scrolls of fear
 J - a scroll of blinking {unknown}
 K - a scroll of brand weapon {unknown}
Potions
 b - 2 potions of attraction {unknown}
 f - 4 potions of brilliance {unknown}
 h - 4 potions of magic {unknown}
 j - a potion of ambrosia {unknown}
 k - a potion of lignification {unknown}
 o - 4 potions of curing {unknown}
 u - 4 potions of mutation
 w - 4 potions of heal wounds {unknown}
 G - 4 potions of might {unknown}
 H - 2 potions of flight {unknown}
 L - a potion of cancellation {unknown}


   Skills:
 + Level 7.6 Dodging
 + Level 6.2 Stealth
 * Level 7.6 Spellcasting
 + Level 2.1 Invocations


You had 5 spell levels left.
You knew the following spells:

 Your Spells              Type           Power      Damage    Failure   Level
a - Sting                 Tmut/Pois      100%       1d8       1%          1
b - Poisonous Vapours     Pois/Air       100%       N/A       1%          2
c - Mephitic Cloud        Conj/Pois/Air  53%        N/A       2%          3
d - Olgreb's Toxic Radia  Pois           53%        N/A       5%          4
e - Foxfire               Conj/Fire      100%       2x1d9     1%          1
f - Searing Ray           Conj           100%       2d8       1%          2
g - Frozen Ramparts       Ice            100%       1d12      2%          3
h - Dazzling Flash        Conj/Hex       100%       N/A       2%          3
Your spell library was empty.

Dungeon Overview and Level Annotations

Branches:
Dungeon (8/15)             Temple (1/1) D:6            Lair (0/6) D:8
  Sewer (visited)

Altars:
Ashenzari
Cheibriados
Dithmenos
Elyvilon
Fedhas
Gozag
Hepliaklqana
Kikubaaqudgha
Makhleb
Nemelex Xobeh
Okawaru
Ru
Sif Muna
Trog
Uskayaw
Vehumet
Wu Jian
Xom
Yredelemnul

Shops:
D:6 :   D:7 *:


Innate Abilities, Weirdness & Mutations

You are immune to sickness and miasma.
You are immune to poison.
Your flesh is very heat resistant. (rF++)
You are vulnerable to cold. (rC-)
You float through the air rather than walking.
You learn spells naturally, not from books.
Your magical power is your life essence.
You have superior vitality. (+4 MHP)
You tend to lose your temper in combat.
Your mind is acute. (Int +2)
Your spells are a little harder to cast, but a little more powerful.


Message History

Press: ? - help, Shift-Dir - straight line, f/p - komodo dragon
Aim: a komodo dragon (severely wounded, extremely poisoned, chance to affect: 62%)
The ball explodes into a vile cloud!
The stinking cloud engulfs the komodo dragon but does no damage.
The komodo dragon is severely wounded.
The stinking cloud engulfs you but does no damage.
* * * LOW HITPOINT WARNING * * *
You hear a shout! x2
The komodo dragon is engulfed in noxious fumes.
You block the komodo dragon's attack.
The komodo dragon attacks as you move away!
The komodo dragon closely misses you.
The komodo dragon is engulfed in noxious fumes.
The komodo dragon appears confused.
Casting: Mephitic Cloud (safe; 1% risk of failure)
Confirm with . or Enter, or press ? or * to list all spells.
Casting: Dazzling Flash (safe; 1% risk of failure)
Press: ? - help, Dir - look around, f - activate
* * * LOW HITPOINT WARNING * * *
The komodo dragon is engulfed in noxious fumes.
Casting: Dazzling Flash (safe; 1% risk of failure)
Confirm with . or Enter, or press ? or * to list all spells.
Casting: Dazzling Flash (safe; 1% risk of failure)
Press: ? - help, Dir - look around, f - activate Fedhas protects your plant from harm.
* * * LOW HITPOINT WARNING * * *
The komodo dragon is engulfed in noxious fumes.
The komodo dragon misses you.
Casting: Dazzling Flash (safe; 1% risk of failure)
Confirm with . or Enter, or press ? or * to list all spells.
Casting: Dazzling Flash (safe; 1% risk of failure)
Press: ? - help, Dir - look around, f - activate
Okay, then.
It was a potion of mutation.
You feel extremely strange.
You feel a little pissed off.
You feel clever.
You feel less in control of your magic.
The komodo dragon is engulfed in noxious fumes.
The komodo dragon appears confused.
The komodo dragon bites you!!
You die...
Fedhas appreciates your contribution to the ecosystem. #..##. .... #...#.#######).##.. #...>.............. #...#...##########. # ##.############ #.###PPPPPPPPP#

#.##PPP.P....PP#
#.#..PP...l>.PP#
#@l°°.P......PP#
###°°..P..PPPPP#
##......PP..P#
##...P...P.#
######.....####
................
########.######.
#######.#
........##


You could see a komodo dragon (confused, very poisoned).

Vanquished Creatures
  Maggie (D:6)
  A hornet (D:8)
  An orc warrior (D:7)
  2 water moccasins
  An ice beast (D:5)
  An ogre (D:7)
  3 sky beasts
  2 centaurs
  5 kobold brigands
  3 bullfrogs
  4 scorpions
  3 necrophages
  A howler monkey (D:7)
  3 hounds
  A jelly (D:5)
  Crazy Yiuf (D:2)
  5 orc priests
  3 iguanas
  3 orc wizards
  2 gnolls
  4 river rats (Sewer)
  10 adders
  A white imp (D:6)
  3 ufetubi
  2 worms
  25 orcs
  6 ball pythons
  5 bats
  3 endoplasms
  5 giant cockroaches
  3 goblins
  5 hobgoblins
  8 jackals
  7 quokkas
  4 frilled lizards
  31 kobolds
  23 rats
191 creatures vanquished.

Vanquished Creatures (others)
  8 foxfires
  10 plants (D:8)
18 creatures vanquished.

Grand Total: 209 creatures vanquished

Notes
Turn   | Place    | Note
-------+----------+-------------------------------------------
     0 | D:1      | Anon1729 the Djinni Venom Mage began the quest for the Orb.
     0 | D:1      | Reached XP level 1. HP: 15/15 MP: 0/0
   350 | D:1      | Reached XP level 2. HP: 18/21 MP: 0/0
   612 | D:1      | Reached XP level 3. HP: 10/25 MP: 0/0
   612 | D:1      | Learned a level 1 spell: Foxfire
   888 | D:1      | Found a faded altar of an unknown god.
  1733 | D:2      | Reached XP level 4. HP: 26/31 MP: 0/0
  1945 | D:2      | Found a sparkling altar of Nemelex Xobeh.
  2073 | D:2      | Found a runed translucent door.
  2074 | D:2      | Noticed Crazy Yiuf
  2393 | D:2      | Killed Crazy Yiuf
  2678 | D:3      | Reached XP level 5. HP: 24/35 MP: 0/0
  2678 | D:3      | Learned a level 2 spell: Searing Ray
  3649 | D:4      | Reached XP level 6. HP: 35/40 MP: 0/0
  4042 | D:4      | Found a sacrificial altar of Ru.
  4345 | D:4      | Reached XP level 7. HP: 33/45 MP: 0/0
  4345 | D:4      | Learned a level 3 spell: Frozen Ramparts
  4569 | D:4      | You are sucked into a shaft and drop 1 floor!
  4569 | D:5      | Entered Level 5 of the Dungeon
  4899 | D:5      | Found a bloodstained altar of Trog.
  5215 | D:5      | Reached skill level 5 in Spellcasting
  5301 | D:5      | Reached XP level 8. HP: 38/50 MP: 0/0
  5525 | D:5      | Reached skill level 5 in Dodging
  5698 | D:5      | Identified the +12 spear of the Hurling Oracle {protect,
                  | rCorr}
  6148 | D:6      | Found a glowing drain.
  6246 | Sewer    | Entered a sewer
  6878 | D:6      | Noticed Maggie
  6903 | D:6      | Killed Maggie
  6904 | D:6      | Reached skill level 5 in Stealth
  6904 | D:6      | Reached XP level 9. HP: 24/55 MP: 0/0
  6904 | D:6      | Learned a level 3 spell: Dazzling Flash
  7085 | D:6      | Found a staircase to the Ecumenical Temple.
  7101 | Temple   | Entered the Ecumenical Temple
  7230 | Temple   | Became a worshipper of Fedhas Madash
  7829 | D:6      | Found Ryg Egocs's Book Emporium.
  8148 | D:7      | Found Cuxy's Assorted Antiques.
  8153 | D:7      | Bought a scroll labelled ZYGEEM ZINI for 19 gold pieces
  8153 | D:7      | Bought a scroll labelled TAUFIY ESETT for 19 gold pieces
  8153 | D:7      | Bought a scroll labelled DUCUAVVIWKA for 19 gold pieces
  8153 | D:7      | Bought a sapphire potion for 17 gold pieces
  8153 | D:7      | Bought a scroll labelled JUEROG JOKHLA for 19 gold pieces
  8153 | D:7      | Bought a scroll labelled FIXEUPNOISM for 19 gold pieces
  8153 | D:7      | Bought a blue potion for 17 gold pieces
  8153 | D:7      | Bought an inky potion for 17 gold pieces
  8248 | D:7      | Found Hycargh's Book Emporium.
  8440 | D:7      | Reached * piety under Fedhas
  8480 | D:7      | Reached skill level 1 in Invocations
  8557 | D:7      | Reached XP level 10. HP: 41/60 MP: 0/0
  8865 | D:7      | Found a hazy altar of Hepliaklqana.
  9055 | D:8      | Found a staircase to the Lair.
  9056 | D:8      | Noticed a komodo dragon
  9101 | D:8      | Gained mutation: You tend to lose your temper in combat.
                  | [potion of mutation]
  9101 | D:8      | Gained mutation: Your mind is acute. (Int +2) [potion of
                  | mutation]
  9101 | D:8      | Gained mutation: Your spells are a little harder to cast,
                  | but a little more powerful. [potion of mutation]
  9101 | D:8      | Annihilated by a komodo dragon

Illustrated notes

Levels and vault maps discovered:
D:1:      minmay_arrival_solitary_statue, layout_rooms,
          ebering_ecumenical_altar_sacrificial
D:2:      layout_loops_ring, basic_altar, chequers_serial_rivers_small_a,
          uniq_crazy_yiuf_cottage
D:3:      layout_loops_ring
D:4:      layout_rooms, mainiacjoe_overflow_small_starburst
D:5:      layout_cave_pods, pf_just_have_faith
D:6:      layout_basic, nicolae_overflow_crystal_walls,
          minmay_temple_entry_stoned_glass, serial_shops,
          nicolae_shop_competitors_out_of_business, gup_sewer_entry_pipe,
          uniq_maggie
D:7:      layout_loops_ring, mainiacjoe_overflow_alcove_4, serial_shops,
          nicolae_shop_hallway_plus, nicolae_take_the_stairs
D:8:      layout_loops_ring, zin_purify, david_lair_shrubbed,
          hellmonk_guarded_unrand_vines, uniq_psyche
Temple:   eino_wide_crystal_templ

Skill      XL: |  1  2  3  4  5  6  7  8  9 10 |
---------------+-------------------------------+-----
Stealth        | 2 3 4 5 6 |  6.2
Spellcasting   | 3 4 5 6 7 |  7.6
Dodging        | 3 4 6 7 |  7.6
Invocations    | 1 2 |  2.1

Action                   |  1- 3 |  4- 6 |  7- 9 | 10-12 || total
-------------------------+-------+-------+-------+-------++-------
Melee: Unarmed           |     2 |     1 |       |       ||     3
       Dagger            |       |     2 |    12 |       ||    14
       Spear             |       |       |   169 |    11 ||   180
       Punch             |       |       |     1 |       ||     1
 Cast: Sting             |    50 |    73 |    27 |     2 ||   152
       Foxfire           |     4 |       |     1 |       ||     5
       Olgreb's Toxic Ra |       |     7 |    28 |     5 ||    40
       Mephitic Cloud    |       |     1 |     2 |     2 ||     5
       Searing Ray       |       |     2 |    10 |       ||    12
       Dazzling Flash    |       |       |       |     2 ||     2
  Use: Scroll            |       |       |     4 |       ||     4
       Potion            |       |       |       |     1 ||     1
 Stab: Sleeping          |       |       |     4 |     3 ||     7
       Distracted        |       |       |     2 |       ||     2
Armor: Robe              |     5 |    11 |    54 |     3 ||    73
Dodge: Dodged            |    24 |    32 |   149 |    11 ||   216
Block: Other             |       |       |    15 |     2 ||    17
       Reflection        |       |       |     1 |       ||     1

Table legend: (Time is in decaauts)
 A = Elapsed time spent in this place.
 B = Non-inter-level travel time spent in this place.
 C = Inter-level travel time spent in this place.
 D = Time resting spent in this place.
 E = Time spent auto-exploring this place.
 F = Levels seen in this place.
 G = Mean time per level.
                   A        B        C        D        E       F      G
               +--------+--------+--------+--------+--------+-----+--------+
         Total |   9116 |   8941 |    175 |    838 |   6828 |  10 |  911.6 |
       Dungeon |   8368 |   8208 |    160 |    838 |   6245 |   8 | 1046.0 |
        Temple |    144 |    129 |     15 |      0 |    106 |   1 |  144.0 |
         Sewer |    603 |    603 |      0 |      0 |    477 |   1 |  603.0 |
               +--------+--------+--------+--------+--------+-----+--------+

Top non-repeatable levels by time:
     D:5: 1481 daAuts
     D:1: 1423 daAuts
     D:6: 1214 daAuts
     D:3: 1182 daAuts
     D:2: 1133 daAuts
     D:7: 963 daAuts
     D:4: 829 daAuts
   Sewer: 603 daAuts
  Temple: 144 daAuts
     D:8: 140 daAuts
